 Dungeon Crawl Stone Soup version 0.21.1-1-g345015fe64 (webtiles) character file.

63 Ivernyr the Insei (level 4, 0/28 HPs)
             Began as an Octopode Transmuter on Apr 7, 2018.
             Slain by a worm (8 damage)
             ... on level 2 of the Dungeon.
             The game lasted 00:03:35 (1723 turns).

Ivernyr the Insei (Octopode Transmuter)             Turns: 1723, Time: 00:03:35

Health: 0/28       AC:  1    Str:  9    XL:     4   Next: 10%
Magic:  0/7        EV: 14    Int: 16    God:
Gold:   120        SH:  0    Dex: 12    Spells: 1/7 levels left

rFire    . . .     SeeInvis .     - Unarmed
rCold    . . .     Gourm    .   (no shield)
rNeg     . . .     Faith    .   (helmet restricted)
rPois    .         Spirit   .   (no amulet)
rElec    .         Reflect  .   (no ring)
rCorr    .         Harm     .   (no ring)
MR       .....                  (no ring)
Stlth    ++........             (no ring)
HPRegen  0.09/turn              (no ring)
MPRegen  0.10/turn              (no ring)
                                (no ring)
                                (no ring)

@: appendage, very slightly contaminated
A: almost no armour, stealthy swim, amphibious, 8 rings, constrict 8, tentacle
spike 3, camouflage 1, gelatinous body 1
a: End Transformation


You were on level 2 of the Dungeon.
You were not hungry.
One of your tentacles had a temporary spike.
You visited 1 branch of the dungeon, and saw 2 of its levels.

You collected 120 gold pieces.

Inventory:

Missiles
 a - 12 arrows
Jewellery
 j - a +1 ring of evasion {unknown}
Scrolls
 d - a scroll of teleportation {unknown}
 f - a scroll of identify {unknown}
 h - a scroll of remove curse {unknown}
 i - a scroll of random uselessness {unknown}
Potions
 e - a potion of resistance {unknown}
 g - a potion of curing {unknown}
 k - a potion of brilliance {unknown}
Books
 b - a book of Changes

   Spells                             Type                      Level
   a - Beastly Appendage              Transmutation                1
   b - Sticks to Snakes               Transmutation                2
   c - Spider Form                    Transmutation/Poison         3
   d - Ice Form                       Ice/Transmutation            4
   e - Blade Hands                    Transmutation                5
Comestibles
 c - 3 rations


   Skills:
 - Level 1.0 Fighting
 + Level 2.7 Dodging
 + Level 3.4 Unarmed Combat
 - Level 2.0 Spellcasting
 * Level 3.3 Transmutations


You had one spell level left.
You knew the following spells:

 Your Spells              Type           Power        Failure   Level  Hunger
a - Beastly Appendage     Tmut           ##....       5%          1    #......
b - Sticks to Snakes      Tmut           ##......     8%          2    ###....
c - Spider Form           Tmut/Pois      #.........   30%         3    ###....


Dungeon Overview and Level Annotations

Branches:
Dungeon (2/15)

Altars:


Innate Abilities, Weirdness & Mutations

You cannot wear most types of armour.
You are very stealthy in the water. (Stealth+)
You are amphibious.
You can wear up to eight rings at the same time.
You can use your tentacles to constrict eight enemies at once.
Your skin changes colour to match your surroundings (Stealth+).
Your rubbery body absorbs attacks. (AC +1, EV +1)
One of your tentacles bears a large vicious spike.


Message History

One of your tentacles grows a vicious spike.
You tentacle-slap the worm but do no damage.
You grab the worm. You constrict the worm. You bludgeon the worm!
The worm is heavily wounded.
You constrict the worm, but do no damage.
The worm bites you!
You tentacle-slap the worm but do no damage.
You pierce the worm.
The worm is heavily wounded.
You constrict the worm. The worm bites you!
* * * LOW HITPOINT WARNING * * *
You tentacle-slap the worm but do no damage.
Your tentacle spike misses the worm.
The worm is heavily wounded.
You constrict the worm. You tentacle-slap the worm.
The worm is almost dead.
You constrict the worm. The worm bites you!
You die...

.........#########
#.....###........####
.....................
#....#.##..รท......#
#....#..#.........#
#....##.#.........#
.....(..#.........#
..................#
.####...........@.#
...........######w#
...........# ...
...........# ....#
.#.......### ......
.#.......#### ......%
..............
.......
##........####
....... ..........#


You could see a worm.

Vanquished Creatures
  2 adders (D:2)
  An ooze (D:1)
  3 dart slugs
  A leopard gecko (D:1)
  3 bats (D:1)
  3 giant cockroaches
  2 hobgoblins
  9 kobolds
  A quokka (D:2)
  A ball python (D:1)
  3 frilled lizards
  3 goblins
  5 rats
37 creatures vanquished.

Notes
Turn   | Place    | Note
-------+----------+-------------------------------------------
     0 | D:1      | Ivernyr the Octopode Transmuter began the quest for the Orb.
     0 | D:1      | Reached XP level 1. HP: 13/13 MP: 3/3
    81 | D:1      | Reached XP level 2. HP: 8/18 MP: 5/5
   337 | D:1      | Learned a level 2 spell: Sticks to Snakes
   629 | D:1      | Reached XP level 3. HP: 14/23 MP: 6/6
  1083 | D:1      | Learned a level 3 spell: Spider Form
  1585 | D:2      | Reached XP level 4. HP: 27/28 MP: 7/7
  1723 | D:2      | Slain by a worm

Skill      XL: |  1  2  3 |
---------------+----------+-----
Transmutations | 3 |  3.3
Fighting       | |  1.0
Dodging        | |  2.7
Unarmed Combat | |  3.4
Spellcasting   | |  2.0

Action                   |  1- 3 |  4- 6 || total
-------------------------+-------+-------++-------
Melee: Unarmed           |    78 |    21 ||    99
       Constrict         |    21 |     5 ||    26
       Tentacles         |    11 |     3 ||    14
       Punch             |     3 |       ||     3
       Kick              |     4 |     1 ||     5
 Cast: Beastly Appendage |     3 |     1 ||     4
 Stab: Sleeping          |     4 |       ||     4
  Eat: Chunk             |     2 |     1 ||     3
Armor: Skin              |     4 |     2 ||     6
Dodge: Dodged            |    45 |     6 ||    51
